 Dungeon Crawl Stone Soup version 0.29.1-14-g9c671dbff4 (webtiles) character file.

Game seed: 1989010219184748542

2 growler the Charlatan (level 1, 0/15 HPs)
             Began as a Demonspawn Wanderer on Feb 14, 2023.
             Slain by a hobgoblin (3 damage)
             ... on level 1 of the Dungeon.
             The game lasted 00:00:40 (329 turns).

growler the Charlatan (Demonspawn Wanderer)          Turns: 329, Time: 00:00:40

Health: 0/15       AC:  2    Str: 13    XL:     1   Next: 33%
Magic:  2/2        EV: 11    Int: 13    God:
Gold:   0          SH:  0    Dex: 11    Spells: 1/2 levels left

rFire   . . .      SeeInvis .   f - +0 dagger (flame)
rCold   . . .      Faith    .   (no shield)
rNeg    . . .      Spirit   .   d - +0 robe
rPois   .          Reflect  .   (no helmet)
rElec   .          Harm     .   (no cloak)
rCorr   .          Rampage  .   (no gloves)
Will    .....                   (no boots)
Stlth   +.........              (no amulet)
HPRegen 0.05/turn               (no ring)
MPRegen 0.08/turn               (no ring)

@: no status effects
A: no striking features
a: no special abilities


You were on level 1 of the Dungeon.
You visited 1 branch of the dungeon, and saw 1 of its levels.

Inventory:

Hand Weapons
 a - a +0 mace
 f - a +0 dagger of flaming (weapon)
Armour
 d - a +0 robe (worn)
Jewellery
 e - a ring of protection from cold
Wands
 b - a wand of flame (6)
Scrolls
 c - a scroll of fear


   Skills:
 + Level 1.4 Fighting
 - Level 1.0 Maces & Flails
 - Level 1.0 Armour
 - Level 1.0 Spellcasting
 - Level 2.0 Poison Magic
 - Level 4.0 Evocations


You had one spell level left.
You knew the following spells:

 Your Spells              Type           Power      Damage    Failure   Level
a - Sting                 Tmut/Pois      12%        1d3       19%         1

Your spell library contained the following spells:

 Spells                   Type           Power      Damage    Failure   Level
 Spider Form              Tmut/Pois      3%         N/A       50%         3
 Mephitic Cloud           Conj/Pois/Air  2%         N/A       54%         3


Dungeon Overview and Level Annotations

Branches:
Dungeon (1/15)

Altars:


Message History

The goblin is severely wounded.
The goblin hits you but does no damage.
You hit the goblin but do no damage.
The goblin is severely wounded.
The goblin hits you with a +0 dagger.
You hit the goblin. You burn the goblin.
You kill the goblin!
No target in view!
You see here a +0 dagger.
A ball python comes into view.
The ball python hisses angrily.
A hobgoblin comes into view.
You see here a +0 dagger.
The ball python barely misses you. The ball python closely misses you.
You hit the ball python. You burn the ball python.
The ball python is severely wounded.
The ball python barely misses you. The ball python closely misses you.
You closely miss the ball python.
The ball python is severely wounded.
The ball python barely misses you. The ball python grabs you.
The ball python constricts you.
You hit the ball python. You burn the ball python.
You kill the ball python!
You see here a ball python corpse.
The hobgoblin hits you.
You hit the hobgoblin but do no damage. The hobgoblin barely misses you.
You hit the hobgoblin. You burn the hobgoblin.
The hobgoblin is severely wounded.
The hobgoblin hits you.
You barely miss the hobgoblin.
The hobgoblin is severely wounded.
The hobgoblin hits you.
You hit the hobgoblin but do no damage.
The hobgoblin is severely wounded.
The hobgoblin hits you.
* * * LOW HITPOINT WARNING * * *
You closely miss the hobgoblin.
The hobgoblin is severely wounded.
The hobgoblin hits you.
You die...

# ### #. ..# #+#
#. #.# #.#
#..#####.# #.#
#...g@##.# ##.##
##.##.##.####...##
#.##.....†.)....#
#.......####...##
#########
##.#######
#........
#.####### #.# #.#


You could see a hobgoblin.

Vanquished Creatures
  A goblin (D:1)
  A ball python (D:1)
  A frilled lizard (D:1)
3 creatures vanquished.

Notes
Turn   | Place    | Note
-------+----------+-------------------------------------------
     0 | D:1      | growler the Demonspawn Wanderer began the quest for the
                  | Orb.
     0 | D:1      | growler set off with the following items: a +0 mace, a wand
                  | of flame (6), a scroll of fear, a +0 robe; and the
                  | following spell memorised: Sting; and the following spells
                  | available to memorise: Spider Form, Mephitic Cloud.
     0 | D:1      | Reached XP level 1. HP: 15/15 MP: 2/2
   329 | D:1      | Slain by a hobgoblin

Illustrated notes

Levels and vault maps discovered:
D:1:      minmay_arrival_doors, layout_loops_corners

Action                   || total
-------------------------++-------
Melee: Dagger            ||    22
Armor: Robe              ||     3
Dodge: Dodged            ||    11
